AoeStats
← fparrao19

Baltic

510580699Analyzed
3v3 RM · 2d ago on Oct 1, 2026· 48m 27s· 6 players
Game mode
Random Map
Map size
Normal (6 player)
Population
200
Speed
Normal
Resources
Standard
Victory
Conquest
Starting age
Dark Age
Ending age
Imperial Age
RankedLock teamsTeams togetherTeam positionsShared explorationLock speedFull tech treeHidden civsTurbo modeCheats
Victory
Defeat
🇪🇸 Italians · Spain
883
+14
🇫🇷 Japanese · France
866
+15
🇩🇪 Wei · Germany
828
+16
🇮🇳 Mongols · India
911
-19
🇨🇱 Portuguese · Chile
800
-13
🇺🇸 Huns · United States
788
-13
TonHux
9:47 Loom
12:13 Feudal Age
13:48 Man-at-Arms
14:52 Double-Bit Axe
16:15 Double-Bit Axe
19:12 Castle Age
19:33 Elite Skirmisher
20:06 Gambesons
23:57 Fishing Lines
24:26 Scale Mail Armor
26:25 Forging
25:45 Long Swordsman
28:43 Wheelbarrow
28:35 Masonry
29:48 Murder Holes
30:57 Forging
31:53 Fishing Lines
33:06 Iron Casting
33:22 Hand Cart
33:41 Arson
33:57 Squires
34:02 Horse Collar
35:10 Bow Saw
36:06 Town Watch
36:40 Chain Mail Armor
36:17 Fletching
36:32 Heavy Plow
36:39 Gillnets
37:05 Town Patrol
40:34 Imperial Age
38:26 Thumb Ring
40:03 Pikeman
42:25 Blast Furnace
41:56 Plate Mail Armor
42:33 Siege Engineers
David Ygra
3:36 Loom
12:50 Feudal Age
13:35 Double-Bit Axe
13:32 Horse Collar
13:44 Gold Mining
13:47 Stone Mining
16:54 Wheelbarrow
17:33 Fishing Lines
19:27 Fletching
21:39 Castle Age
22:15 Bodkin Arrow
22:35 Medium Warships
22:41 Bow Saw
22:37 Heavy Plow
23:17 Gold Shaft Mining
23:20 Stone Shaft Mining
23:19 Pikeman
26:39 Bloodlines
27:58 Squires
29:19 Husbandry
29:46 Forging
30:07 Light Cavalry
33:12 Gillnets
37:20 Treadmill Crane
37:38 Murder Holes
37:55 Masonry
40:37 Imperial Age
38:27 Hand Cart
37:57 Town Watch
41:22 Elite Skirmisher
42:57 Heavy Hei Guang Cavalry
42:58 Hussar
44:39 Halberdier
44:39 Man-at-Arms
45:05 Arson
DavidFe
13:38 Feudal Age
14:22 Double-Bit Axe
19:43 Wheelbarrow
22:15 Castle Age
20:29 Gold Mining
21:50 Scale Mail Armor
22:01 Forging
21:54 Stone Mining
22:21 Loom
25:38 Scale Mail Armor
25:49 Forging
25:29 Fletching
26:04 Hand Cart
26:43 Bow Saw
30:48 Imperial Age
30:03 Bodkin Arrow
32:12 Conscription
32:31 Iron Casting
32:11 Chain Mail Armor
32:51 Squires
32:37 Arson
35:31 Plate Mail Armor
39:04 Blast Furnace
47:39 Silk Road
RogueShelf83664
0:32 Loom
13:37 Feudal Age
18:31 Bloodlines
20:02 Horse Collar
20:13 Double-Bit Axe
25:08 Castle Age
29:28 Wheelbarrow
29:07 Bow Saw
29:29 Heavy Plow
35:52 Hand Cart
40:03 Imperial Age
38:15 Gold Mining
Aryan_lohiaa__
8:07 Loom
16:10 Feudal Age
20:35 Castle Age
18:32 Stone Mining
18:30 Double-Bit Axe
18:27 Horse Collar
18:43 Gold Mining
19:57 Loom
20:49 Wheelbarrow
22:07 Bow Saw
23:07 Heavy Plow
25:59 Padded Archer Armor
33:18 Fletching
36:36 Gold Shaft Mining
36:36 Stone Shaft Mining
38:59 Imperial Age
36:31 Bodkin Arrow
36:51 Leather Archer Armor
37:00 Nomads
37:24 Husbandry
37:35 Bloodlines
38:47 Hand Cart
38:17 Town Watch
39:18 Cavalier
48:19 Light Cavalry
fparrao19
0:27 Loom
10:58 Feudal Age
12:37 Wheelbarrow
22:03 Castle Age
20:08 Man-at-Arms
22:11 Arson
22:21 Long Swordsman
34:18 Imperial Age
35:19 Hand Cart
34:59 Pikeman
Connection lost

Rejoining the realm…

Still unreachable

The connection could not be restored.

Session expired

The server has moved on; the page needs a fresh start.